 Dungeon Crawl Stone Soup version 0.28-a0-793-g31680bbd8b (webtiles) character file.

Game seed: 6963338110924430191

26864 demibob the Brawler (level 13, -2/116 HPs)
             Began as a Ghoul Monk on Nov 4, 2021.
             Was a High Priest of Makhleb.
             Shot with an arrow by Nessos (6 damage)
             ... on level 4 of the Lair of Beasts.
             The game lasted 00:39:06 (13261 turns).

demibob the Brawler (Ghoul Monk)                   Turns: 13261, Time: 00:39:07

Health: -2/116     AC: 21    Str: 23    XL:     13   Next: 28%
Magic:  18/18      EV: 28    Int:  5    God:    Makhleb [*****.]
Gold:   596        SH:  0    Dex: 11    Spells: 12/12 levels left

rFire   . . .      SeeInvis +     - Unarmed
rCold   + . .      Faith    .   (no shield)
rNeg    + + +      Spirit   .   N - +0 acid dragon scales
rPois   ∞          Reflect  .   i - +2 helmet {SInv}
rElec   +          Harm     .   k - +0 cloak
rCorr   +          Rampage  .   (no gloves)
Will    .....                   D - +2 pair of boots {Fly}
Stlth   +.........              r - amulet of the acrobat
HPRegen 0.00/turn               T - +4 ring of protection
MPRegen 0.16/turn               J - ring "Dorod" {Drain rElec rPois Str+3 Slay+6}

@: mighty, about to teleport, acrobatic, flying, inhibited regen
A: claws 1, cold resistance 1, negative energy resistance 3, inhibited
regeneration, torment resistance 2
a: Renounce Religion, Minor Destruction, Lesser Servant of Makhleb, Major
Destruction, Greater Servant of Makhleb


You were on level 4 of the Lair of Beasts.
You worshipped Makhleb.
Makhleb was extremely pleased with you.
You visited 2 branches of the dungeon, and saw 16 of its levels.
You also visited: Volcano.

You collected 1156 gold pieces.
You spent 560 gold pieces at shops.


Innate Abilities, Weirdness & Mutations

You thrive by killing the living.
You are immune to poison.
You have sharp fingernails.
Your flesh is cold resistant. (rC+)
You are immune to negative energy. (rN+++)
You do not regenerate when monsters are visible.
You are immune to unholy pain and torment.


   Skills:
 + Level 11.5 Fighting
 + Level 9.9 Armour
 - Level 6.0 Dodging
 - Level 2.1 Stealth
 - Level 15.1 Unarmed Combat
 - Level 8.3 Invocations
 - Level 0.1 Evocations


You had 12 spell levels left.
You didn't know any spells.
Your spell library contained the following spells:

 Spells                   Type           Power      Damage    Failure   Level
 Animate Skeleton         Necr           0%         N/A       54%         1
 Foxfire                  Conj/Fire      0%         2x1d4     54%         1
 Freeze                   Ice            0%         1d3       54%         1
 Pain                     Necr           0%         1d4       54%         1
 Shock                    Conj/Air       0%         1d3       54%         1
 Ensorcelled Hibernation  Hex/Ice        0%         N/A       67%         2
 Conjure Flame            Conj/Fire      0%         6-21      88%         3
 Frozen Ramparts          Ice            0%         1d2       88%         3
 Inner Flame              Hex/Fire       0%         N/A       88%         3
 Summon Guardian Golem    Hex/Summ       0%         N/A       88%         3
 Swiftness                Air            0%         N/A       88%         3
 Tukima's Dance           Hex            0%         N/A       88%         3
 Vampiric Draining        Necr           0%         2d6       88%         3
 Airstrike                Air            0%         N/A       99%         4
 Flame Wave               Conj/Fire      0%         3d3       99%         4
 Hailstorm                Conj/Ice       0%         3d3       99%         4
 Passage of Golubria      Tloc           0%         N/A       99%         4
 Yara's Violent Unravell  Hex/Tmut       0%         3d3       100%        5
 Orb of Destruction       Conj           0%         N/A       100%        7
 Ozocubu's Refrigeration  Ice            0%         4d5       100%        7
 Spellforged Servitor     Conj/Summ      0%         N/A       100%        7

Inventory:

Missiles
 n - a throwing net (quivered) {=f}
Armour
 i - a +2 helmet of see invisible (worn)
 k - a +0 cloak (worn)
 B - a scarf of invisibility
 D - a +2 pair of boots of flying (worn)
 N - +0 acid dragon scales (worn)
 O - a +3 leather armour of fire resistance
Jewellery
 a - an amulet of magic regeneration
 c - a ring of ice
 r - an amulet of the acrobat (around neck)
 t - a +4 ring of protection
 C - a ring of ice
 E - a +4 ring of evasion
 F - a ring of protection from fire
 J - the ring "Dorod" (right claw) {Drain rElec rPois Str+3 Slay+6}
   (You found it on level 11 of the Dungeon)

   [ring of poison resistance]

   Str:       It affects your strength (+3).
   Slay:      It affects your accuracy & damage with ranged weapons and melee
   (+6).
   rElec:     It insulates you from electricity.
   rPois:     It protects you from poison.
   Drain:     It drains your maximum health when unequipped.
 R - a ring of resist corrosion
 T - a +4 ring of protection (left claw)
 W - a ring of willpower
Wands
 g - a wand of polymorph (15)
 o - a wand of digging (1)
 v - a wand of mindburst (11)
 w - a wand of flame (13)
 M - a wand of iceblast (2)
Scrolls
 f - 7 scrolls of teleportation {@r2}
 j - 3 scrolls of enchant armour
 u - a scroll of fog
 x - a scroll of immolation {unknown}
 y - a scroll of amnesia
Potions
 b - 2 potions of heal wounds {unknown}
 d - a potion of brilliance {unknown}
 e - 2 potions of resistance {unknown}
 h - 3 potions of berserk rage {!q}
 l - 3 potions of invisibility {unknown}
 p - 2 potions of attraction
 z - 3 potions of flight {unknown}
 A - a potion of ambrosia {unknown}
 G - 2 potions of might
 H - a potion of haste {@q3}
 I - 2 potions of mutation {unknown}
 K - 3 potions of degeneration {unknown}
 L - a potion of cancellation {unknown}
Miscellaneous
 m - a piece from Xom's chessboard (15/15)
 q - a condenser vane (inert)

Dungeon Overview and Level Annotations

Branches:
Dungeon (11/15)            Temple (0/1) D:4            Lair (5/6) D:9
  Slime (0/5) Lair:5      Volcano (visited)
  Swamp: Lair:2-4    Shoals: Lair:2-4     Snake: Lair:2-4    Spider: Lair:2-4
    Orc: D:9-12

Altars:
Makhleb
Nemelex Xobeh
Ru
Wu Jian
Xom
The Shining One

Shops:
D:6 =   D:8 *   D:10 *

Portals:
Abyss: Lair:4

Annotations:
D:4 2 runed translucent doors, Randoe's ghost, weakling TrBe
Lair:4 2 transporters, Lesmeliq's ghost, journeyman HuWn; Nessos

,+...........#.###.#.#.#.#.......
*#...................(...........
*,..........########.#.##.#......
***..#+..#.## #.######......
***#.####* ##..# ##.##.. #.,*
#...# #####. #,,* ####..## *#
***,,***** #.##...# ****,
****,**+*,*,* ##@...P## *,,,,
*,,,,,,,,,,,* #.+#P.## ***,,,,
*,,**,*,,,,,**#.†§3c.# *,,,,,,
*,+,,,,,,,,,,*#....§.#******,,^,,
,,,,,<,,,,,,,,#......+,,,****,,,,
+,*,,,,,,,,,*#.......#,,,,,,*,,,,
*,,,,,,,,,,,..#........**,*,,,,,,
*,,,,,,,,,,,#.........##****,,,,,
*,,,,,,,,,*,.,+......## **,,,,


You could see Nessos (fast).


Message History

* * * LOW HITPOINT WARNING * * *
Okay, then.
You reach down and close the door.
Nessos shoots an arrow.
The arrow hits you!
* * * LOW HITPOINT WARNING * * *
The arrow burns you.
* * * LOW HITPOINT WARNING * * *
Nessos is engulfed in a cloud of scalding steam.
Nessos shoots an arrow.
The arrow hits you!
* * * LOW HITPOINT WARNING * * *
The arrow burns you.
* * * LOW HITPOINT WARNING * * *
Okay, then.
Nessos shoots an arrow.
The arrow hits your ynoxinul! The arrow burns your ynoxinul.
Nessos shoots an arrow.
The arrow hits your ynoxinul! The arrow burns your ynoxinul.
Your ynoxinul gestures.
Unknown command.
Press: ? - help, v - describe, . - travel
Here: Nessos, wielding a +2 longbow of flaming, wearing a +1 barding and quivering arrows (lightly wounded, fast, ally target)
An escape hatch in the floor.
As you read the scroll of teleportation {@r2}, it crumbles to dust.
You feel strangely unstable.
Nessos shoots an arrow.
The arrow hits your ynoxinul!! The arrow burns your ynoxinul.
Your ynoxinul dies!
Your ynoxinul disappears in a puff of smoke!
Your ufetubus disappears in a puff of smoke! x2
Nessos shoots an arrow.
The arrow hits your smoke demon!!
Your smoke demon is poisoned.
Nessos shoots an arrow.
The arrow hits you.
You die...

Skill      XL: |  1  2  3  4  5  6  7  8  9 10 11 12 13 |
---------------+----------------------------------------+-----
Unarmed Combat | 4 5 6 7 9 11 14 15 | 15.1
Invocations    | 2 3 6 8 |  8.3
Armour         | 4 6 9 |  9.9
Dodging        | 5 6 |  6.0
Fighting       | 6 10 11 | 11.5
Stealth        | |  2.1
Evocations     | |  0.1

Action                   |  1- 3 |  4- 6 |  7- 9 | 10-12 | 13-15 || total
-------------------------+-------+-------+-------+-------+-------++-------
Melee: Unarmed           |    69 |   136 |   207 |   638 |    76 ||  1126
       Punch             |     1 |     2 |     9 |    38 |     7 ||    57
Invok: Minor Destruction |       |     1 |       |       |       ||     1
       Lesser Servant of |       |       |    10 |    10 |     6 ||    26
Evoke: Wand              |       |       |    11 |    11 |     3 ||    25
       Condenser vane    |       |       |       |     1 |     1 ||     2
  Use: Scroll            |     1 |     2 |     9 |     5 |     3 ||    20
       Potion            |       |       |     2 |     4 |     4 ||    10
 Stab: Sleeping          |     7 |     4 |     2 |     5 |       ||    18
       Distracted        |       |       |     2 |       |       ||     2
       Confused          |       |       |       |     2 |     1 ||     3
Armor: Robe              |    12 |    33 |       |       |       ||    45
       Leather armour    |       |       |    73 |       |       ||    73
       Chain mail        |       |       |       |    64 |       ||    64
       Steam dragon scal |       |       |       |    83 |       ||    83
       Acid dragon scale |       |       |       |    58 |    23 ||    81
Dodge: Dodged            |    29 |    78 |   105 |   302 |    47 ||   561

Levels and vault maps discovered:
D:1:      wander_arrival_lonely_grave, layout_loops_ring,
          ebering_ecumenical_altar_sacrificial, minmay_split_cup_large
D:2:      layout_rooms, basic_altar, uniq_natasha
D:3:      layout_loops_cross, minmay_pentangle, uniq_jessica, uniq_terence
D:4:      layout_cave_pods, nemelex_diamond_rough_becter,
          minmay_temple_entry_fiery, serial_column_ruins,
          column_ruins_circle_small, column_ruins_hut, column_ruins_corridor_T,
          column_ruins_open_small, column_ruins_open_small,
          column_ruins_open_tiny, column_ruins_corridor_straight,
          column_ruins_grid_2, column_ruins_corridor_straight,
          ebering_ghost_sewer_f, uniq_robin, uniq_edmund
D:5:      layout_basic, minmay_misc_feat_enclosed, minmay_crystal_room,
          hangedman_abyss_or_decor_stabs, hangedman_abyss_or_decor_passed
D:6:      layout_basic, serial_shops, nicolae_shop_crystal, minmay_small_thing,
          uniq_menkaure
D:7:      lemuel_slime, layout_basic, nzn_wu_jian_council_hall,
          hellmonk_bongcloud_opening
D:8:      corexii_shantytown, layout_basic, amcnicky_altar_gilded,
          nicolae_shop_gadgets
D:9:      layout_long_grid, david_lair_shrubbed, roderic_lattice_a
D:10:     wad_cavern_with_rooms, layout_irregular_city,
          gammafunk_temple_overflow_elements, serial_shops, nicolae_shop_trees,
          kennysheep_generic_room_5
D:11:     layout_basic
Lair:1:   layout_gridlike, serial_rivers, chequers_serial_rivers_room_a,
          chequers_serial_rivers_small_3, chequers_serial_rivers_micro_d,
          chequers_serial_rivers_small_a, chequers_serial_rivers_micro_c,
          infiniplex_staircase_pool_2
Lair:2:   layout_gridlike, minivault_26
Lair:3:   pond_and_an_island_with_a_cottage, layout_hall_layers,
          skrybe_swamp_entry_bodies, spider_nest_entry_web_field
Lair:4:   layout_roguey, gammafunk_ghost_abyssal_escape, enter_volcano_1,
          uniq_nessos
Lair:5:   layout_roguey, slime_dummy, gauntlet_entry_generic,
          serial_bayou_shore_a, grunt_megastairs_2

Notes
Turn   | Place    | Note
-------+----------+-------------------------------------------
     0 | D:1      | demibob the Ghoul Monk began the quest for the Orb.
     0 | D:1      | Reached XP level 1. HP: 19/19 MP: 0/0
   321 | D:1      | Reached XP level 2. HP: 26/26 MP: 1/1
   325 | D:1      | Reached skill level 4 in Unarmed Combat
   531 | D:1      | Found a faded altar of an unknown god.
   546 | D:1      | Prayed at the altar of an unknown god.
   546 | D:1      | Became a worshipper of Makhleb the Destroyer
   546 | D:1      | Reached * piety under Makhleb
   546 | D:1      | Reached ** piety under Makhleb
   988 | D:2      | Reached XP level 3. HP: 31/31 MP: 2/2
  1060 | D:2      | Noticed Natasha
  1063 | D:2      | Reached *** piety under Makhleb
  1296 | D:2      | Killed Natasha
  1297 | D:2      | Reached skill level 5 in Unarmed Combat
  1297 | D:2      | Reached XP level 4. HP: 35/38 MP: 3/3
  1320 | D:2      | Noticed Natasha
  1327 | D:2      | Killed Natasha
  1545 | D:2      | Noticed Natasha
  1558 | D:2      | Killed Natasha
  1559 | D:2      | Reached skill level 6 in Unarmed Combat
  1559 | D:2      | Reached XP level 5. HP: 44/45 MP: 4/4
  1653 | D:3      | Noticed a kobold brigand
  1674 | D:2      | Killed a kobold brigand
  1675 | D:2      | Reached skill level 1 in Invocations
  1744 | D:3      | Noticed Jessica
  1754 | D:3      | Killed Jessica
  1755 | D:3      | Reached skill level 2 in Invocations
  1755 | D:3      | Reached XP level 6. HP: 51/51 MP: 6/6
  1997 | D:3      | Reached skill level 7 in Unarmed Combat
  1997 | D:3      | Reached skill level 3 in Invocations
  2198 | D:3      | Noticed Terence
  2203 | D:3      | Killed Terence
  2274 | D:3      | Reached **** piety under Makhleb
  2541 | D:3      | Noticed an ice beast
  2551 | D:3      | Killed an ice beast
  2552 | D:3      | Reached XP level 7. HP: 57/57 MP: 8/8
  2933 | D:4      | Found a runed translucent door.
  2940 | D:4      | Reached skill level 8 in Unarmed Combat
  2940 | D:4      | Noticed Randoe's ghost (weakling TrBe)
  2981 | D:4      | Found a sparkling altar of Nemelex Xobeh.
  2993 | D:4      | Noticed Robin
  3018 | D:4      | Noticed Edmund
  3036 | D:4      | Killed Edmund
  3043 | D:4      | Killed Robin
  3204 | D:4      | Found a runed translucent door.
  3311 | D:4      | Identified the +1 scale mail of Theory {rF+ Int+4 Dex-5}
  3520 | D:4      | Found a staircase to the Ecumenical Temple.
  3595 | D:5      | Entered Level 5 of the Dungeon
  3649 | D:5      | Reached skill level 9 in Unarmed Combat
  3758 | D:5      | Reached XP level 8. HP: 59/63 MP: 9/9
  4025 | D:5      | Reached skill level 10 in Unarmed Combat
  4685 | D:6      | Reached skill level 11 in Unarmed Combat
  4694 | D:6      | Noticed a death knight
  4956 | D:6      | Noticed a yak
  4958 | D:6      | Noticed a yak
  4958 | D:6      | Noticed a yak
  4960 | D:6      | Noticed a yak
  4962 | D:6      | Noticed a yak
  4971 | D:6      | Killed a yak
  4973 | D:6      | Killed a yak
  4974 | D:6      | Reached XP level 9. HP: 64/70 MP: 10/10
  4976 | D:6      | Reached skill level 12 in Unarmed Combat
  5003 | D:6      | Found Bimeoraj's Jewellery Emporium.
  5072 | D:6      | Reached skill level 13 in Unarmed Combat
  5113 | D:6      | Noticed Menkaure
  5118 | D:6      | Killed Menkaure
  5414 | D:6      | Killed a death knight
  5415 | D:6      | Reached skill level 14 in Unarmed Combat
  5415 | D:6      | Reached XP level 10. HP: 48/77 MP: 11/11
  5603 | D:6      | Identified the +2 robe of the Doldrums {Dex+3 SInv}
  5792 | D:7      | Reached skill level 15 in Unarmed Combat
  5905 | D:7      | Noticed an oklob plant
  5941 | D:7      | Reached skill level 1 in Armour
  5992 | D:7      | Reached skill level 2 in Armour
  6000 | D:7      | Killed an oklob plant
  6001 | D:7      | Reached skill level 3 in Armour
  6204 | D:7      | Found an ornate altar of the Wu Jian Council.
  6469 | D:8      | Reached skill level 4 in Invocations
  6555 | D:8      | Reached skill level 4 in Armour
  6917 | D:8      | Found a burning altar of Makhleb.
  6971 | D:8      | Found Pubyph's Gadget Gallery.
  6979 | D:8      | Bought a condenser vane for 560 gold pieces
  7098 | D:8      | Reached ***** piety under Makhleb
  7377 | D:9      | Reached skill level 3 in Dodging
  7487 | D:9      | Got the Compendium of the Frostbite
  7518 | D:9      | Reached skill level 5 in Invocations
  7541 | D:9      | Found a staircase to the Lair.
  7967 | D:9      | Reached skill level 4 in Dodging
  8225 | D:9      | Reached skill level 6 in Invocations
  8293 | Lair:1   | Entered Level 1 of the Lair of Beasts
  8365 | D:10     | Entered Level 10 of the Dungeon
  8476 | D:10     | Noticed a brown ugly thing
  8494 | D:10     | Killed a brown ugly thing
  8495 | D:10     | Reached skill level 5 in Dodging
  8495 | D:10     | Reached XP level 11. HP: 55/82 MP: 13/15
  8516 | D:10     | Reached skill level 7 in Invocations
  8524 | D:10     | Identified the +11 falchion of Fundamental Breach {drain,
                  | Str+4 Int+2}
  8724 | D:10     | Found Fenyi's Assorted Antiques.
  9009 | D:10     | Reached skill level 6 in Dodging
  9102 | D:10     | Found a sacrificial altar of Ru.
  9102 | D:10     | Found a shimmering altar of Xom.
  9303 | D:11     | Reached skill level 8 in Invocations
  9500 | D:11     | Reached skill level 4 in Fighting
  9530 | D:11     | Identified the ring "Dorod" {Drain rElec rPois Str+3
                  | Slay+6}
 10173 | D:9      | Reached skill level 5 in Fighting
 10296 | Lair:1   | Reached skill level 5 in Armour
 10515 | Lair:1   | Reached skill level 6 in Fighting
 10843 | Lair:1   | Noticed a salamander
 10851 | Lair:1   | Killed a salamander
 10908 | Lair:1   | Reached skill level 6 in Armour
 10908 | Lair:1   | Reached XP level 12. HP: 51/97 MP: 17/17
 11318 | Lair:1   | Reached skill level 7 in Fighting
 11685 | Lair:2   | Reached skill level 8 in Fighting
 11691 | Lair:2   | Reached skill level 7 in Armour
 11863 | Lair:2   | Noticed a four-headed hydra
 11868 | Lair:2   | Killed a four-headed hydra
 11869 | Lair:2   | Reached skill level 9 in Fighting
 12186 | Lair:2   | Reached skill level 8 in Armour
 12660 | Lair:3   | Identified the amulet "Heaxkeuh" {Faith +Blink rPois rF-
                  | rN++}
 12681 | Lair:3   | Reached skill level 10 in Fighting
 12725 | Lair:3   | Reached ****** piety under Makhleb
 12735 | Lair:3   | Reached skill level 9 in Armour
 12821 | Lair:3   | Reached XP level 13. HP: 108/114 MP: 18/18
 12883 | Lair:3   | You fall into a shaft and drop 2 floors!
 12902 | Lair:5   | Reached skill level 11 in Fighting
 12923 | Lair:4   | Found a transporter.
 12927 | Lair:4   | Noticed Lesmeliq's ghost (journeyman HuWn)
 12930 | Lair:4   | Found a transporter.
 12931 | Lair:4   | Noticed a rakshasa
 12932 | Lair:4   | Found a one-way gate to the infinite horrors of the Abyss.
 12971 | Lair:4   | Found a dark tunnel.
 12978 | Volcano  | Entered a volcano
 13109 | Volcano  | Found a burning altar of Makhleb.
 13236 | Lair:4   | Noticed Nessos
 13258 | Lair:4   | HP: 7/116 [Nessos/arrow (17)]
 13261 | Lair:4   | Shot with an arrow by Nessos

Vanquished Creatures
  A centaur warrior (Volcano)
  A hydra (Lair:2)
  A death knight (D:6)
  A hell knight (Volcano)
  A necromancer (Lair:3)
  An ugly thing (D:10)
  A salamander (Lair:1)
  3 black mambas
  A centaur zombie (D:6)
  11 cane toads
  A gargoyle (D:11)
  8 komodo dragons
  An unseen horror (D:10)
  2 rime drakes (Lair:1)
  2 trolls
  2 hornets
  15 blink frogs
  A meliai zombie (D:10)
  A vampire (D:10)
  15 yaks
  2 shadows (D:11)
  2 wyverns
  2 basilisks
  2 fire bats (Volcano)
  Menkaure (D:6)
  3 acid dragons
  9 water moccasins
  2 orc warriors
  A black bear (D:6)
  3 sky beasts (D:6)
  2 ice beasts
  2 ogres
  3 wolves (Lair:2)
  6 centaurs
  2 elephant zombies (Lair:3)
  A phantom (D:3)
  6 kobold brigands
  A komodo dragon zombie (Lair:3)
  6 bullfrogs
  A wyvern zombie (D:7)
  A scorpion (D:5)
  3 killer bees (D:10)
  3 electric eels
  10 wights (D:9)
  4 lava snakes (Volcano)
  A bullfrog zombie (D:6)
  2 hounds (D:5)
  3 centaur skeletons
  An orc priest (D:11)
  A bullfrog skeleton (D:5)
  7 jellies
  Jessica (D:3)
  3 iguanas
  Terence (D:3)
  Natasha (thrice) (D:2)
  5 orc wizards
  A killer bee zombie (D:3)
  A hound skeleton (D:4)
  2 howler monkey zombies
  8 gnolls
  5 adders
  5 white imps
  An adder skeleton (D:5)
  A worm (D:5)
  2 dart slugs
  25 orcs
  10 ball pythons
  4 bats
  19 endoplasms
  5 giant cockroaches
  14 goblins
  19 hobgoblins
  4 quokkas
  4 frilled lizards
  42 kobolds
  2 rats (D:3)
350 creatures vanquished.

Vanquished Creatures (collateral kills)
  An oklob plant (D:7)
  A centaur zombie (D:10)
  A cane toad (Lair:4)
  A molten gargoyle (Lair:1)
  3 yaks (D:6)
  A basilisk (Lair:1)
  Edmund (D:4)
  A steam dragon (D:8)
  3 killer bees (D:10)
  An electric eel (Lair:3)
  A lava snake (Volcano)
  An orc priest (D:5)
  2 jellies (D:7)
  A basilisk zombie (Lair:3)
  A centaur skeleton (D:4)
  2 orc wizards (D:5)
  A hound zombie (D:5)
  Robin (D:4)
  4 gnolls
  5 orcs
  5 endoplasms (D:7)
  4 goblins (D:4)
  A hobgoblin (D:4)
43 creatures vanquished.

Vanquished Creatures (others)
  An orc (D:8)
  10 fungi
  9 plants
20 creatures vanquished.

Grand Total: 413 creatures vanquished

Table legend: (Time is in decaauts)
 A = Elapsed time spent in this place.
 B = Non-inter-level travel time spent in this place.
 C = Inter-level travel time spent in this place.
 D = Time resting spent in this place.
 E = Time spent auto-exploring this place.
 F = Levels seen in this place.
 G = Mean time per level.
                   A        B        C        D        E       F      G
               +--------+--------+--------+--------+--------+-----+--------+
         Total |  12968 |  12356 |    612 |   1334 |   8234 |  17 |  762.8 |
       Dungeon |   9973 |   9518 |    455 |    849 |   6706 |  11 |  906.6 |
          Lair |   2867 |   2711 |    156 |    480 |   1528 |   5 |  573.4 |
       Volcano |    127 |    127 |      0 |      4 |      0 |   1 |  127.0 |
               +--------+--------+--------+--------+--------+-----+--------+

Top non-repeatable levels by time:
  Lair:1: 1357 daAuts
     D:6: 1324 daAuts
     D:1: 1090 daAuts
  Lair:2: 1052 daAuts
     D:9: 1026 daAuts
     D:3: 1020 daAuts
     D:8: 881 daAuts
     D:4: 878 daAuts
    D:10: 876 daAuts
    D:11: 827 daAuts
     D:5: 787 daAuts
     D:7: 680 daAuts
     D:2: 580 daAuts
  Lair:3: 243 daAuts
  Lair:4: 187 daAuts

Table legend:
 A = Non-vault XP
 B = Vault XP
 C = Vault XP percentage of total XP
 D = Non-vault monster count
 E = Vault monster count
 F = Vault count percentage of total count
                 A         B        C        D         E       F
            +---------+---------+-------+---------+---------+-------
      Total |   29996 |    8382 |  21.8 |     283 |     110 |  28.0
            +---------+---------+-------+---------+---------+-------
        D:1 |      27 |       7 |  20.6 |      16 |       4 |  20.0
        D:2 |     207 |      35 |  14.5 |      16 |       1 |   5.9
        D:3 |     305 |      96 |  23.9 |      20 |       8 |  28.6
        D:4 |     197 |     217 |  52.4 |      24 |      14 |  36.8
        D:5 |     539 |       0 |   0.0 |      20 |       0 |   0.0
        D:6 |    2321 |    1034 |  30.8 |      19 |       3 |  13.6
        D:7 |     506 |     896 |  63.9 |      14 |      20 |  58.8
        D:8 |     530 |     134 |  20.2 |      14 |      34 |  70.8
        D:9 |    1854 |     372 |  16.7 |      31 |       1 |   3.1
       D:10 |    1563 |    1689 |  51.9 |      14 |       7 |  33.3
       D:11 |    1960 |       0 |   0.0 |      20 |       0 |   0.0
     Lair:1 |    4591 |       0 |   0.0 |      14 |       0 |   0.0
     Lair:2 |    8464 |       0 |   0.0 |      37 |       0 |   0.0
     Lair:3 |    4598 |     989 |  17.7 |      18 |       5 |  21.7
     Lair:4 |    1735 |       0 |   0.0 |       4 |       0 |   0.0
     Lair:5 |     599 |     343 |  36.4 |       2 |       1 |  33.3
    Volcano |       0 |    2570 | 100.0 |       0 |      12 | 100.0
            +---------+---------+-------+---------+---------+-------
